 Dungeon Crawl Stone Soup version 0.29-a0-994-gc5c9f59d18 (webtiles) character file.

Game seed: 4919770493698096898

1915 Atlas the Firebug (level 9, -10/52 HPs)
             Began as an Octopode Fire Elementalist on Aug 3, 2022.
             Was an Initiate of Gozag.
             Mangled by Duvessa
             ... wielding a +0 short sword
              (13 damage)
             ... on level 6 of the Dungeon.
             The game lasted 00:11:32 (7416 turns).

Atlas the Firebug (Octopode Fire Elementalist)      Turns: 7416, Time: 00:11:34

Health: -10/52     AC:  1    Str:  8    XL:     9   Next: 16%
Magic:  1/19       EV: 14    Int: 21    God:    Gozag
Gold:   648        SH:  0    Dex: 18    Spells: 18/21 levels left

rFire   . . .      SeeInvis .     - Unarmed
rCold   . . .      Faith    .   (no shield)
rNeg    . . .      Spirit   .   (helmet restricted)
rPois   .          Reflect  .   w - amulet of regeneration
rElec   .          Harm     .   t - +6 ring of dexterity
rCorr   .          Rampage  .   (no ring)
Will    .....                   (no ring)
Stlth   ++++......              (no ring)
HPRegen 0.97/turn               (no ring)
MPRegen 0.16/turn               (no ring)
                                (no ring)
                                (no ring)

@: gold aura
A: almost no armour, amphibious, 8 rings, camouflage 1, gelatinous body 1,
(nimble swimmer 1), tentacles
a: Renounce Religion, Potion Petition, Call Merchant, Bribe Branch


You were on level 6 of the Dungeon.
You worshipped Gozag.
Gozag was pleased with you.
You visited 2 branches of the dungeon, and saw 7 of its levels.
You also visited: Sewer.

You collected 702 gold pieces.
You paid 54 gold pieces to Gozag.

Inventory:

Missiles
 x - a throwing net
Jewellery
 t - a +6 ring of dexterity (left tentacle)
 w - an amulet of regeneration (around mantle)
Wands
 r - a wand of polymorph (8)
 u - a wand of acid (5)
Scrolls
 b - a scroll of butterflies {unknown}
 e - a scroll of noise {unknown}
 g - a scroll of magic mapping
 h - 3 scrolls of teleportation
 j - 2 scrolls of identify {unknown}
 k - a scroll of immolation {unknown}
 p - a scroll of poison {unknown}
 q - a scroll of brand weapon {unknown}
 s - a scroll of amnesia {unknown}
 y - a scroll of vulnerability {unknown}
Potions
 a - 2 potions of magic
 c - 3 potions of heal wounds {unknown}
 d - a potion of resistance {unknown}
 f - 4 potions of degeneration {unknown}
 i - 4 potions of curing {unknown}
 l - a potion of berserk rage {unknown}
 m - a potion of cancellation {unknown}
 n - a potion of invisibility {unknown}
 o - a potion of mutation {unknown}
 v - a potion of ambrosia {unknown}
 z - 2 potions of might {unknown}
 A - 2 potions of haste {unknown}
 B - a potion of brilliance {unknown}


   Skills:
 + Level 0.5 Fighting
 + Level 2.4 Dodging
 + Level 5.4 Stealth
 + Level 1.6 Unarmed Combat
 + Level 6.8 Spellcasting
 + Level 4.0 Conjurations
 + Level 7.6 Fire Magic


You had 18 spell levels left.
You knew the following spells:

 Your Spells              Type           Power      Damage    Failure   Level
a - Scorch                Fire           78%        2d8       1%          2
b - Foxfire               Conj/Fire      100%       2x1d9     1%          1

Your spell library contained the following spells:

 Spells                   Type           Power      Damage    Failure   Level
 Conjure Flame            Conj/Fire      31%        6-21      2%          3
 Inner Flame              Hex/Fire       23%        N/A       5%          3
 Flame Wave               Conj/Fire      31%        2d9       9%          4
 Blink                    Tloc           14%        N/A       14%         2
 Call Canine Familiar     Summ           7%         N/A       26%         3
 Ozocubu's Armour         Ice            7%         N/A       26%         3
 Portal Projectile        Hex/Tloc       14%        N/A       26%         3
 Summon Guardian Golem    Hex/Summ       7%         N/A       26%         3
 Leda's Liquefaction      Hex/Erth       3%         N/A       65%         4
 Manifold Assault         Tloc           7%         N/A       94%         5
 Orb of Destruction       Conj           12%        9d7       100%        7
 Ozocubu's Refrigeration  Ice            3%         4d8       100%        7
 Spellforged Servitor     Conj/Summ      7%         N/A       100%        7
 Storm Form               Tmut/Air       3%         N/A       100%        7


Dungeon Overview and Level Annotations

Branches:
Dungeon (6/15)             Temple (1/1) D:4           Sewer (visited)

Altars:
Cheibriados
Dithmenos
Fedhas
Gozag
Hepliaklqana
Makhleb
Nemelex Xobeh
Okawaru
Qazlal
Ru
Trog
Yredelemnul

Annotations:
D:3 1 runed translucent door, Crazy Yiuf
D:6 Duvessa


Innate Abilities, Weirdness & Mutations

You cannot wear most types of armour.
You are amphibious.
You can wear up to eight rings at the same time.
Your skin changes colour to match your surroundings (Stealth+).
Your rubbery body absorbs attacks. (AC +1, EV +1)
((You are camouflaged when in or above water. (Stealth+)))
You have tentacles for arms and can constrict up to eight enemies at once.


Message History

You conjure some foxfire!
The foxfire hits Dowan.
Dowan is almost dead.
The foxfire hits Dowan.
You kill Dowan!
Duvessa screams, "No!
How DARE you!"
Duvessa goes berserk!
The foxfire hits Duvessa.
Duvessa is moderately wounded.
The foxfire hits Duvessa but does no damage.
Duvessa is moderately wounded.
Casting: Foxfire (safe; 1% risk of failure)
Confirm with . or Enter, or press ? or * to list all spells.
Flames lash Duvessa.
Duvessa is moderately wounded.
Duvessa's fire resistance burns away.
The foxfire hits Duvessa.
Duvessa is burned terribly!
Duvessa is heavily wounded.
The foxfire hits Duvessa.
Duvessa is burned terribly!
Duvessa is heavily wounded.
Duvessa hits you with a +0 short sword! x2
Casting: Scorch (safe; 1% risk of failure)
Confirm with . or Enter, or press ? or * to list all spells.
Flames lash Duvessa but do no damage.
Duvessa barely misses you.
Unknown command.
Casting: Scorch (safe; 1% risk of failure)
Confirm with . or Enter, or press ? or * to list all spells.
Flames lash Duvessa.
Duvessa is burned terribly!
Duvessa is severely wounded.
Duvessa hits you with a +0 short sword. Duvessa misses you.
Casting: Scorch (safe; 1% risk of failure)
Confirm with . or Enter, or press ? or * to list all spells.
Flames lash Duvessa.
Duvessa is burned terribly!
Duvessa is almost dead.
Duvessa hits you with a +0 short sword.
Casting: Scorch (safe; 1% risk of failure)
Confirm with . or Enter, or press ? or * to list all spells.
Flames lash Duvessa but do no damage.
Duvessa hits you with a +0 short sword!
* * * LOW HITPOINT WARNING * * *
Duvessa hits you with a +0 short sword!
You die...
Your body crumbles into a pile of gold.

.#..♣'♣♣♣'♣.....#,,,..!#,,,*
#####.....'#####***...#*,,,*
#.......##..##.####...##.,,*
#.......+....#...........,,*
#.......#....'.....§.....,,*
#.......##+####..##......,,*
#.......#...###..##......,,*
#.......#.....'...'...=..,,*
#.......#.....#.@e#......,,*
+.§.....#.....#..##,..##.,,*
#.......#.....#..#*,,.#*,,,*
........#######...*,,,.*,$,*
........#,,,,*#..##,,,,+,,,*
.########,,,,*#..#*,,,**,,,*
.#,,,,,,*,,,,+...#**********
.#,,,,,**,,,,*#(..,,,,**,,,*
.#,,,,,**,,,,**,,,,,,,,,,,,*


You could see Duvessa (berserk, combustible).

Vanquished Creatures
  Grinder (D:3)
  Eustachio (D:4)
  Sigmund (D:2)
  2 water moccasins (D:5)
  An ice beast (D:6)
  A black bear (D:6)
  A centaur (D:5)
  A necrophage (D:5)
  A scorpion (D:5)
  Dowan (D:6)
  3 jellies (Sewer)
  2 gnoll boudas (D:5)
  A hound (D:6)
  3 iguanas (D:5)
  Jessica (D:3)
  Natasha (thrice) (D:2)
  2 orc wizards (D:3)
  12 gnolls (D:5)
  4 river rats (Sewer)
  8 adders
  3 white imps
  4 worms
  A dart slug (D:1)
  12 orcs
  10 ball pythons
  5 bats
  16 endoplasms
  8 giant cockroaches
  7 hobgoblins
  2 jackals (D:2)
  9 quokkas
  9 frilled lizards
  2 goblins
  3 kobolds
  9 rats
150 creatures vanquished.

Vanquished Creatures (others)
  410 foxfires
410 creatures vanquished.

Grand Total: 560 creatures vanquished

Notes
Turn   | Place    | Note
-------+----------+-------------------------------------------
     0 | D:1      | Atlas the Octopode Fire Elementalist began the quest for
                  | the Orb.
     0 | D:1      | Reached XP level 1. HP: 11/11 MP: 3/3
   217 | D:1      | Reached XP level 2. HP: 17/17 MP: 3/5
   345 | D:1      | Learned a level 2 spell: Scorch
   572 | D:1      | Found a faded altar of an unknown god.
   985 | D:1      | Reached XP level 3. HP: 21/21 MP: 3/6
  1741 | D:2      | Noticed Natasha
  1746 | D:2      | Killed Natasha
  1747 | D:2      | Reached XP level 4. HP: 22/27 MP: 2/7
  1887 | D:2      | Noticed Natasha
  1891 | D:2      | Killed Natasha
  1892 | D:2      | Reached skill level 4 in Fire Magic
  2003 | D:2      | Noticed Natasha
  2010 | D:2      | Killed Natasha
  2150 | D:2      | Reached XP level 5. HP: 28/31 MP: 9/9
  2321 | D:2      | Noticed Sigmund
  2333 | D:2      | Killed Sigmund
  2334 | D:2      | Reached skill level 1 in Unarmed Combat
  2334 | D:2      | Reached XP level 6. HP: 32/36 MP: 2/11
  2723 | D:3      | Noticed Jessica
  2725 | D:3      | Killed Jessica
  2900 | D:3      | Reached skill level 5 in Fire Magic
  3334 | D:3      | Found a stormy altar of Qazlal.
  3349 | D:3      | Noticed Grinder
  3355 | D:3      | Paralysed by Grinder for 3 turns
  3427 | D:3      | Killed Grinder
  3428 | D:3      | Reached XP level 7. HP: 42/42 MP: 5/13
  3768 | D:3      | Found a runed translucent door.
  3769 | D:3      | Noticed Crazy Yiuf
  4101 | D:4      | Found a staircase to the Ecumenical Temple.
  4112 | Temple   | Entered the Ecumenical Temple
  4169 | Temple   | Became a worshipper of Gozag Ym Sagoz the Greedy
  4262 | D:4      | Noticed Eustachio
  4272 | D:4      | Killed Eustachio
  4896 | D:5      | Entered Level 5 of the Dungeon
  4912 | D:5      | Reached skill level 6 in Fire Magic
  4912 | D:5      | Reached XP level 8. HP: 32/47 MP: 7/15
  4932 | D:5      | Reached skill level 5 in Spellcasting
  5284 | D:5      | Found a sacrificial altar of Ru.
  6201 | D:5      | Reached skill level 7 in Fire Magic
  6459 | D:6      | Found a burning altar of Makhleb.
  6496 | D:6      | Reached skill level 5 in Stealth
  6506 | D:6      | Found a glowing drain.
  6519 | Sewer    | Entered a sewer
  6906 | Sewer    | Reached XP level 9. HP: 52/52 MP: 14/18
  7189 | Sewer    | Found a viscous altar of Jiyva.
  7391 | D:6      | Noticed Dowan
  7392 | D:6      | Noticed Duvessa
  7411 | D:6      | Killed Dowan
  7416 | D:6      | Mangled by Duvessa

Illustrated notes

Levels and vault maps discovered:
D:1:      sevenhm_arrival_forest_fort_large_4, layout_loops_ring,
          shapermc_ecumenical_altar_venn
D:2:      layout_loops_cross, minmay_crystal_room, corexii_leaking_fountain,
          uniq_sigmund, uniq_natasha
D:3:      layout_loops_ring, nicolae_qazlal_scattered_showers, uniq_jessica,
          uniq_grinder, uniq_crazy_yiuf_cottage
D:4:      nicolae_cairo_tiling_large, layout_rooms,
          minmay_temple_entry_statues_fountains, serial_rivers,
          chequers_serial_rivers_marsh, chequers_serial_rivers_small_a,
          chequers_serial_rivers_small_b, chequers_serial_rivers_micro_b,
          chequers_serial_rivers_micro_e, chequers_serial_rivers_small_a,
          serial_bayou_pond_d, uniq_eustachio
D:5:      layout_loops_ring, nicolae_ru_sacrificial_ziggurat
D:6:      layout_gridville, mainiacjoe_overflow_six_doors_small,
          enter_ossuary_2, portal_sewer_entry_f, minivault_25, uniq_duvessa
Temple:   nicolae_temple_superstar

Skill      XL: |  1  2  3  4  5  6  7  8  9 |
---------------+----------------------------+-----
Stealth        | 3 4 5 |  5.4
Fire Magic     | 4 5 6 7 |  7.6
Unarmed Combat | 1 |  1.6
Spellcasting   | 3 4 6 |  6.8
Conjurations   | 2 3 4 |  4.0
Fighting       | |  0.5
Dodging        | |  2.4

Action                   |  1- 3 |  4- 6 |  7- 9 || total
-------------------------+-------+-------+-------++-------
Melee: Unarmed           |    29 |    22 |    23 ||    74
       Constrict         |     8 |     8 |     7 ||    23
       Tentacles         |     5 |     4 |    11 ||    20
       Punch             |       |       |     1 ||     1
 Cast: Foxfire           |    42 |    61 |   139 ||   242
       Scorch            |     4 |    15 |    66 ||    85
  Use: Scroll            |       |       |     2 ||     2
 Stab: Sleeping          |     4 |     2 |     4 ||    10
Armor: Skin              |    12 |     1 |     3 ||    16
Dodge: Dodged            |    19 |    12 |    39 ||    70

Table legend: (Time is in decaauts)
 A = Elapsed time spent in this place.
 B = Non-inter-level travel time spent in this place.
 C = Inter-level travel time spent in this place.
 D = Time resting spent in this place.
 E = Time spent auto-exploring this place.
 F = Levels seen in this place.
 G = Mean time per level.
                   A        B        C        D        E       F      G
               +--------+--------+--------+--------+--------+-----+--------+
         Total |   7413 |   7079 |    334 |     20 |   6051 |   8 |  926.6 |
       Dungeon |   6581 |   6271 |    310 |     20 |   5376 |   6 | 1096.8 |
        Temple |     70 |     46 |     24 |      0 |     37 |   1 |   70.0 |
         Sewer |    761 |    761 |      0 |      0 |    638 |   1 |  761.0 |
               +--------+--------+--------+--------+--------+-----+--------+

Top non-repeatable levels by time:
     D:5: 1545 daAuts
     D:3: 1504 daAuts
     D:1: 1414 daAuts
     D:2: 1145 daAuts
   Sewer: 761 daAuts
     D:4: 759 daAuts
     D:6: 211 daAuts
  Temple: 70 daAuts
